Map: Deathaura LE

Players

Rex

  • Race: Zerg Zerg
  • League: Master
  • Spawn Location: 11:00

Nice - Winner!

  • Race: Protoss Protoss
  • Spawn Location: 5:00

Event: DreamHack SC2 Masters 2020 Winter

VOD

Have the link to the VOD?

Description

Time

  • Played on: Oct. 21, 2020, 9:36 a.m.
  • Length: 17:06

All games in this series

Show
View Real Time Build Order
Export as new Build Order

Rex Zerg 

Build Orders: Hatch First 

Get SALT Encoding   

  12  0:00  Drone  
  13  0:12  Overlord  
  13  0:17  Drone  
  14  0:30  Drone x2  
  16  0:48  Hatchery  
  15  0:51  Drone  
  15  0:55  Drone  
  17  0:58  Drone  
  18  1:11  Extractor  
  17  1:14  Spawning Pool  
  17  1:17  Drone  
  17  1:20  Drone  
  18  1:28  Drone  
  19  1:38  Drone  
  20  1:50  Overlord  
  20  2:00  Queen x2  
  24  2:02  Zergling x4  
  26  2:11  Metabolic Boost  
  26  2:13  Drone  
  27  2:16  Drone  
  27  2:21  Drone  
  29  2:23  Drone  
  30  2:37  Hatchery  
  30  2:44  Queen  
  29  2:48  Drone  
  29  2:49  Drone  
  33  2:53  Spore Crawler  
  33  2:57  Spore Crawler  
  30  3:01  Drone  
  30  3:02  Overlord  
  30  3:04  Drone  
  34  3:07  Drone  
  35  3:17  Drone  
  36  3:21  Queen  
  36  3:24  Drone x2  
  36  3:26  Overlord  
  40  3:27  Drone  
  40  3:28  Drone  
  42  3:42  Drone x2  
  42  3:44  Spore Crawler  
  41  3:49  Drone  
  41  3:50  Drone x4  
  45  4:00  Evolution Chamber, Drone  
  45  4:01  Zergling x2  
  45  4:02  Zergling x6  
  49  4:05  Spore Crawler  
  49  4:07  Drone  
  50  4:10  Drone  
  50  4:13  Overlord  
  50  4:15  Drone  
  51  4:17  Drone, Spore Crawler  
  51  4:19  Queen  
  51  4:23  Drone x2  
  55  4:30  Drone  
  56  4:33  Zerg Melee Weapons Level 1  
  56  4:38  Drone x6  
  62  4:43  Drone  
  62  4:45  Drone  
  64  4:47  Overlord  
  64  4:49  Drone  
  64  4:50  Drone  
  64  4:51  Overlord  
  66  4:53  Overlord  
  66  4:57  Overlord  
  66  5:00  Extractor  
  66  5:01  Baneling Nest  
  66  5:04  Lair, Overlord  
  64  5:10  Drone x3  
  64  5:11  Drone  
  68  5:14  Zergling x6  
  68  5:19  Drone x2, Extractor  
  72  5:24  Zergling x8  
  75  5:30  Overlord  
  75  5:31  Zergling x6  
  75  5:32  Drone  
  75  5:34  Drone  
  80  5:36  Drone  
  80  5:40  Drone x3  
  84  5:44  Baneling x2  
  84  5:45  Baneling x3, Zergling x4  
  85  5:53  Zergling x10  
  85  5:56  Drone  
  89  5:59  Drone  
  89  6:00  Drone  
  89  6:01  Drone  
  89  6:03  Drone  
  93  6:05  Drone  
  93  6:08  Drone  
  93  6:11  Drone x2  
  97  6:14  Hydralisk Den  
  96  6:19  Drone  
  96  6:23  Drone x3, Extractor  
  96  6:30  Drone x2  
  96  6:31  Extractor x2  
  96  6:34  Hatchery  
  96  6:37  Drone  
  96  6:38  Drone x2  
  91  6:47  Hydralisk x3  
  91  6:52  Zergling x8  
  97  7:00  Drone x4  
  97  7:02  Drone  
  98  7:08  Spore Crawler, Zerg Melee Weapons Level 2  
  98  7:13  Grooved Spines  
  97  7:24  Overlord x5  
  94  7:35  Drone x2  
  95  7:39  Hydralisk  
  95  7:40  Evolution Chamber, Overlord  
  95  7:43  Drone  
  95  7:44  Drone x6  
  103  7:46  Drone x3  
  103  7:47  Pneumatized Carapace  
  106  7:52  Drone x5  
  106  7:57  Hydralisk x2  
  115  8:00  Centrifical Hooks  
  115  8:02  Hydralisk x2  
  119  8:07  Drone  
  119  8:09  Drone x2  
  119  8:10  Drone  
  119  8:12  Drone, Zerg Missile Weapons Level 1  
  119  8:14  Drone x2  
  119  8:16  Drone x2  
  119  8:17  Drone  
  119  8:18  Overlord  
  124  8:20  Hydralisk x2  
  124  8:22  Hydralisk  
  124  8:24  Hydralisk  
  124  8:25  Muscular Augments  
  132  8:28  Hydralisk x2  
  132  8:30  Hydralisk  
  132  8:32  Baneling x3  
  138  8:41  Baneling x4  
  138  8:42  Baneling x2  
  138  8:43  Hydralisk  
  138  8:44  Hydralisk x2  
  138  8:48  Hatchery  
  141  8:52  Zergling x18  
  150  8:59  Overlord  
  150  9:03  Extractor, Hydralisk x5  
  150  9:05  Extractor, Overlord  
  158  9:16  Overlord x2  
  158  9:24  Overlord x5  
  158  9:29  Zergling x6  
  158  9:30  Zergling x16  
  169  9:32  Zerg Ground Armor Level 1  
  169  9:36  Overlord x2  
  166  9:40  Baneling x16  
  166  9:41  Baneling x2  
  166  9:43  Zergling x6  
  168  9:53  Zergling x2  
  168  9:54  Zergling x20  
  178  10:02  Baneling x13, Hydralisk x2  
  178  10:03  Zergling x2  
  183  10:13  Hydralisk x5  
  194  10:14  Zergling x4  
  190  10:40  Zergling x22  
  197  10:48  Hydralisk  
  197  10:49  Zergling x2, Hydralisk x3  
  200  10:52  Zerg Missile Weapons Level 2  
  199  10:57  Infestation Pit  
  199  11:02  Zergling x18  
  200  11:07  Baneling x5  
  200  11:08  Baneling x7  
  200  11:21  Baneling x3  
  200  11:22  Spire  
  187  11:46  Zerg Ground Armor Level 2  
  175  11:47  Zergling x18  
  179  11:55  Overseer  
  179  11:57  Zergling x2  
  179  11:58  Zergling x28  
  192  12:04  Baneling x2  
  192  12:08  Drone x7  
  197  12:12  Spine Crawler  
  197  12:13  Spine Crawler x2  
  197  12:14  Spine Crawler x2, Hive  
  188  12:22  Overlord x2  
  186  12:25  Spine Crawler x3  
  186  12:27  Spine Crawler  
  186  12:28  Overlord  
  186  12:29  Overlord  
  182  12:34  Drone x4  
  182  12:37  Drone x3  
  189  12:38  Hatchery  
  189  12:39  Spore Crawler x4  
  189  12:40  Spore Crawler x2, Zerg Flyer Weapons Level 1  
  189  12:41  Spore Crawler x2  
  189  12:42  Spore Crawler  
  178  12:52  Spore Crawler  
  178  12:53  Spore Crawler  
  178  12:54  Spore Crawler  
  175  13:00  Drone x6  
  175  13:03  Drone x15  
  196  13:07  Drone  
  192  13:16  Spore Crawler  
  192  13:17  Spore Crawler x2  
  192  13:19  Spore Crawler  
  185  13:22  Zergling x16  
  191  13:32  Spore Crawler  
  191  13:33  Baneling  
  191  13:34  Baneling x9  
  190  13:37  Spire  
  185  13:46  Zergling x12  
  185  13:47  Zergling x12  
  185  14:00  Zergling x2  
  185  14:01  Zergling x14  
  190  14:08  Hydralisk  
  190  14:09  Zergling x2  
  141  14:19  Hydralisk x11  
  141  14:22  Hydralisk  
  156  14:30  Hydralisk x7  
  165  14:34  Hydralisk  
  165  14:36  Hydralisk  
  159  14:40  Hydralisk x2  
  159  14:42  Hydralisk x2  
  159  14:44  Hydralisk  
  155  14:50  Hydralisk  
  157  14:54  Hydralisk x6  
  157  14:56  Hydralisk  
  171  15:02  Greater Spire  
  171  15:03  Zergling x8  
  171  15:05  Zergling x2  
  176  15:08  Zergling x2  
  176  15:12  Zergling x4  
  176  15:13  Zergling x2  
  180  15:17  Pathogen Glands  
  180  15:18  Burrow  
  180  15:24  Corruptor x4  
  180  15:25  Corruptor  
  180  15:27  Zergling x2  
  191  15:30  Baneling x12  
  173  15:45  Hydralisk x8  
  179  15:52  Corruptor  
  179  15:53  Corruptor x3  
  179  15:56  Corruptor  
  180  15:57  Corruptor  
  180  16:03  Zergling x2  
  180  16:04  Zergling x14  
  192  16:05  Overseer  
  192  16:12  Zergling x8  
  192  16:13  Zergling x6  
  199  16:20  Zergling x2  
  199  16:21  Zergling x2  
  191  16:29  Zergling x4  
  191  16:32  Hydralisk x2  
  167  16:39  Hydralisk x12  
Show
View Real Time Build Order
Export as new Build Order

Nice Protoss - Winner!

Build Orders: 1 Gate Expand, Oracle Opening, Carriers, Chargelot Immortal 

Get SALT Encoding   

  12  0:00  Probe  
  13  0:12  Probe  
  14  0:18  Pylon  
  14  0:25  Probe  
  15  0:37  Probe (Chrono Boost)  
  15  0:41  Gateway  
  16  0:49  Probe (Chrono Boost)  
  17  0:51  Assimilator  
  17  0:54  Probe (Chrono Boost)  
  18  1:03  Probe  
  19  1:15  Probe  
  20  1:29  Cybernetics Core  
  20  1:39  Nexus  
  20  1:46  Pylon  
  20  1:52  Assimilator  
  20  1:54  Probe  
  21  2:02  Adept (Chrono Boost)  
  21  2:07  Probe  
  24  2:08  Warp Gate  
  24  2:19  Probe  
  25  2:22  Stalker (Chrono Boost)  
  27  2:31  Probe  
  28  2:43  Probe  
  29  2:45  Adept  
  31  2:55  Probe  
  33  2:58  Probe  
  33  3:01  Stargate  
  33  3:07  Probe  
  33  3:10  Probe  
  35  3:16  Gateway  
  35  3:19  Probe (Chrono Boost)  
  36  3:22  Probe (Chrono Boost)  
  36  3:23  Adept  
  36  3:26  Pylon  
  39  3:31  Probe (Chrono Boost)  
  41  3:34  Probe (Chrono Boost)  
  41  3:37  Pylon  
  41  3:39  Probe (Chrono Boost)  
  41  3:40  Probe (Chrono Boost)  
  43  3:44  Oracle (Chrono Boost)  
  43  3:45  Probe  
  45  3:57  Probe  
  45  4:00  Probe  
  47  4:09  Probe  
  48  4:12  Phoenix (Chrono Boost), Nexus  
  48  4:13  Pylon  
  50  4:19  Probe  
  50  4:21  Adept x2  
  55  4:31  Pylon, Probe  
  56  4:32  Probe, Oracle (Chrono Boost)  
  60  4:43  Probe  
  61  4:46  Adept x2  
  61  4:49  Pylon  
  65  4:54  Probe  
  65  4:55  Probe  
  65  4:56  Assimilator  
  65  4:57  Assimilator  
  65  4:58  Shield Battery  
  67  5:02  Oracle (Chrono Boost)  
  67  5:06  Probe  
  71  5:07  Probe  
  72  5:15  Adept x2  
  72  5:18  Probe (Chrono Boost)  
  72  5:19  Probe (Chrono Boost)  
  78  5:30  Probe (Chrono Boost)  
  78  5:31  Probe (Chrono Boost)  
  81  5:35  Probe x2 (Chrono Boost)  
  81  5:36  Forge, Probe (Chrono Boost)  
  81  5:37  Twilight Council  
  81  5:40  Sentry  
  85  5:43  Sentry  
  85  5:45  Probe x3  
  90  5:55  Protoss Ground Weapons Level 1 (Chrono Boost)  
  91  5:57  Probe x3  
  93  6:09  Probe x2  
  93  6:10  Robotics Facility, Probe  
  96  6:15  Gateway  
  93  6:21  Probe x2  
  93  6:22  Probe  
  96  6:27  Sentry x2  
  96  6:30  Charge (Chrono Boost)  
  100  6:33  Probe  
  100  6:39  Probe x2  
  101  6:45  Probe  
  97  6:58  Gateway  
  97  7:00  Warp Prism  
  93  7:02  Gateway  
  93  7:04  Gateway  
  93  7:05  Zealot x2, Templar Archives  
  93  7:07  Assimilator, Gateway  
  93  7:08  Pylon  
  91  7:09  Gateway  
  91  7:10  Assimilator  
  91  7:12  Pylon  
  91  7:16  Photon Cannon x2  
  91  7:17  Photon Cannon  
  91  7:18  Photon Cannon  
  91  7:21  Zealot  
  93  7:24  Nexus  
  93  7:27  Pylon  
  92  7:34  Psionic Storm  
  92  7:35  Probe x3  
  95  7:39  Zealot x2  
  95  7:41  Immortal (Chrono Boost)  
  103  7:47  Probe x3  
  106  7:53  High Templar x2  
  106  7:56  Protoss Ground Weapons Level 2 (Chrono Boost)  
  110  7:59  Zealot x3, Probe  
  110  8:00  Zealot  
  110  8:02  Photon Cannon  
  110  8:04  Shield Battery  
  119  8:06  Pylon  
  119  8:14  High Templar x2  
  119  8:19  Photon Cannon  
  123  8:21  Shield Battery  
  123  8:22  Photon Cannon  
  123  8:23  High Templar  
  123  8:24  Photon Cannon, Pylon  
  123  8:26  Immortal  
  129  8:28  Probe  
  129  8:29  Probe  
  129  8:30  Probe  
  132  8:35  High Templar  
  132  8:37  Probe  
  135  8:44  Assimilator  
  131  8:49  Assimilator  
  131  8:51  Pylon  
  131  8:55  Photon Cannon  
  131  8:57  High Templar  
  131  8:58  High Templar, Photon Cannon  
  131  9:00  Photon Cannon  
  131  9:02  Archon  
  135  9:03  Photon Cannon  
  135  9:05  Shield Battery  
  135  9:08  Immortal (Chrono Boost)  
  135  9:11  Fleet Beacon  
  139  9:24  Stalker x4  
  147  9:46  Stargate  
  147  9:48  Stargate  
  147  9:52  Immortal  
  147  9:57  Pylon  
  147  9:59  High Templar, Pylon  
  147  10:05  Photon Cannon  
  147  10:06  Shield Battery  
  147  10:07  High Templar x2  
  147  10:11  Archon  
  149  10:14  Zealot x3  
  149  10:15  Zealot x2  
  149  10:20  Protoss Ground Weapons Level 3 (Chrono Boost)  
  155  10:37  Carrier (Chrono Boost)  
  165  10:43  Zealot x5  
  165  10:44  Zealot  
  165  10:47  Carrier (Chrono Boost)  
  147  10:51  Zealot x2  
  151  10:57  Carrier (Chrono Boost)  
  153  11:10  High Templar x2  
  157  11:17  Protoss Air Weapons Level 1  
  157  11:18  Zealot x3  
  157  11:19  Zealot x3  
  157  11:24  Gateway  
  169  11:26  Archon, Gateway  
  169  11:29  Gateway  
  169  11:31  Gateway  
  164  11:38  Carrier  
  166  11:45  Carrier  
  172  11:48  High Templar x2  
  172  11:50  Zealot x2  
  180  11:55  Archon  
  180  12:01  Blink (Chrono Boost)  
  180  12:03  Warp Prism (Chrono Boost)  
  180  12:05  Carrier  
  180  12:07  Pylon x3  
  180  12:28  Pylon  
  180  12:32  Warp Prism (Chrono Boost), Pylon  
  180  12:36  Assimilator  
  182  12:38  Assimilator  
  182  12:40  Zealot x8  
  182  12:41  Zealot  
  196  12:54  Photon Cannon  
  196  12:55  Photon Cannon  
  196  12:57  Photon Cannon  
  196  12:59  Photon Cannon  
  196  13:01  Shield Battery  
  196  13:02  Shield Battery  
  196  13:04  Nexus  
  196  13:05  Protoss Shields Level 1 (Chrono Boost)  
  196  13:07  Photon Cannon  
  196  13:08  Pylon, Observer (Chrono Boost)  
  181  13:21  Observer (Chrono Boost)  
  181  13:24  Zealot x5  
  181  13:25  Zealot x5  
  181  13:26  Protoss Air Weapons Level 2 (Chrono Boost)  
  176  13:53  Carrier x2 (Chrono Boost)  
  176  13:54  Zealot, Carrier (Chrono Boost)  
  176  13:55  Zealot x3  
  172  14:13  Zealot x7  
  172  14:14  Zealot x4  
  176  14:30  High Templar x4  
  170  14:54  Carrier x2 (Chrono Boost)  
  170  14:55  Carrier (Chrono Boost)  
  188  15:06  High Templar  
  188  15:07  High Templar x4  
  194  15:11  Archon x2  
  194  15:12  High Templar  
  196  15:28  Pylon  
  188  15:48  High Templar x6  
  188  15:57  High Templar x4  
  188  16:01  Archon, Nexus  
  188  16:02  Archon  
  196  16:10  Shield Battery  
  196  16:11  Shield Battery  
  196  16:17  Photon Cannon  
  192  16:33  Archon  
  192  16:34  Archon x3  
  192  16:39  Zealot x6  
Tags
 
Add a new tag
Caveats
  • Supply blocks, unpowered buildings, or Contaminate may cause inaccurate times.
  • Supply counts are checked every 10 seconds.